 Dungeon Crawl Stone Soup version 0.19-a0-739-gf2af308 (webtiles) character file.

407 Aksej the Chopper (level 6, 0/47 HPs)
             Began as a Demonspawn Gladiator on June 23, 2016.
             Killed by divine providence
             ... invoked by an orc priest
              (12 damage)
             ... on level 4 of the Dungeon.
             The game lasted 00:06:55 (3519 turns).

Aksej the Chopper (Demonspawn Gladiator)            Turns: 3519, Time: 00:06:56

Health: 0/47       AC:  8    Str: 17    XL:     6   Next: 57%
Magic:  6/6        EV: 11    Int: 10    God:
Gold:   117        SH:  0    Dex: 13    Spells: 0 memorised, 5 levels left

rFire  . . .     SeeInvis .     a - +2 war axe
rCold  . . .     Gourm    .     h - +0 scale mail {rPois}
rNeg   . . .     Faith    .     (no shield)
rPois  +         Spirit   .     (helmet restricted)
rElec  .         Dismiss  .     (no cloak)
rCorr  .         Reflect  .     (no gloves)
SustAt .         Harm     .     (no boots)
MR     .....                    (no amulet)
Stlth  ..........               (no ring)
                                (no ring)

@: not resistant to hostile enchantments, extremely unstealthy
A: antennae 1, yellow scales 1
a: no special abilities


You were on level 4 of the Dungeon.
You were not hungry.

You visited 2 branches of the dungeon, and saw 5 of its levels.

You collected 117 gold pieces.

Inventory:

Hand Weapons
 a - a +2 war axe (weapon)
Missiles
 d - 3 throwing nets (quivered)
Armour
 h - a +0 scale mail of poison resistance (worn)
Scrolls
 g - a scroll of teleportation
 l - a scroll of fog
Potions
 e - 5 potions of curing
 k - a potion of haste
Comestibles
 b - a chunk of flesh
 c - a meat ration
 f - 4 bread rations
 o - 3 fruits


   Skills:
 + Level 3.1 Fighting
 * Level 4.9 Axes
 + Level 1.8 Throwing
 + Level 2.2 Armour
 + Level 4.0 Dodging


You had 5 spell levels left.
You didn't know any spells.

Dungeon Overview and Level Annotations

Branches:
Dungeon (4/15)             Temple (1/1) D:4

Altars:
Cheibriados
Dithmenos
Fedhas
Gozag
Hepliaklqana
Makhleb
Nemelex Xobeh
Pakellas
Ru
Sif Muna
Trog
Uskayaw
Vehumet
Xom
Yredelemnul
The Shining One


Innate Abilities, Weirdness & Mutations

You have a pair of small antennae on your head.
You are partially covered in yellow scales. (AC +2)


Message History

You kill the orc!
You barely miss the orc. The orc hits you.
You slash the orc priest!
The orc priest is severely wounded.
You hit the orc but do no damage. The orc priest hits you with a mace.
* * * LOW HITPOINT WARNING * * *
The orc closely misses you.
You are too injured to fight recklessly!
You are too injured to fight recklessly!
You are too injured to fight recklessly!
You are too injured to fight recklessly!
You are too injured to fight recklessly!
You are too injured to fight recklessly!
You are too injured to fight recklessly!
You closely miss the orc priest.
The orc priest is severely wounded.
You barely miss the orc.
The orc priest calls down the wrath of Beogh upon you.
Beogh smites you!
You die...

#### ...# ##### ...#
#...# ###...# #...#
#.....## #.>.#
#$#....#
#...#########.#o...###
#.............@o......
#...##......#<##...#..
#...##.[......# ..#
#......[....#.# .#
#...#..)....#.# ..
####........#.# ..
#.#......#.# .
...#......#.#
##............


You could see an orc priest and an orc.

Vanquished Creatures
  A scorpion (D:4)
  2 orc wizards (D:4)
  Jessica (D:2)
  Ijyb (D:3)
  A hound skeleton (D:4)
  4 gnolls (D:2)
  7 adders
  4 oozes
  6 worms
  A dart slug (D:3)
  2 giant geckos (D:1)
  5 orcs
  4 bats
  6 giant cockroaches
  12 goblins
  10 hobgoblins
  4 jackals (D:2)
  10 kobolds
  2 quokkas (D:3)
  2 ball pythons (D:3)
  4 giant newts
  7 rats
96 creatures vanquished.

Notes
Turn   | Place    | Note
--------------------------------------------------------------
     0 | D:1      | Aksej the Demonspawn Gladiator began the quest for the Orb.
     0 | D:1      | Reached XP level 1. HP: 16/16 MP: 1/1
   295 | D:1      | Gained mutation: You have a pair of small antennae on your head. [demonic ancestry]
   295 | D:1      | Reached XP level 2. HP: 10/23 MP: 2/2
   574 | D:1      | Reached XP level 3. HP: 21/28 MP: 3/3
  1240 | D:2      | Noticed Jessica
  1246 | D:2      | Killed Jessica
  1246 | D:2      | Gained mutation: You are partially covered in yellow scales. (AC +2) [demonic ancestry]
  1246 | D:2      | Reached XP level 4. HP: 14/34 MP: 4/4
  1698 | D:2      | Reached skill level 1 in Armour
  2011 | D:3      | Reached XP level 5. HP: 39/39 MP: 5/5
  2581 | D:3      | Noticed Ijyb
  2600 | D:3      | Killed Ijyb
  3064 | D:3      | Reached XP level 6. HP: 46/46 MP: 6/6
  3300 | D:4      | Found a staircase to the Ecumenical Temple.
  3332 | Temple   | Entered the Ecumenical Temple
  3519 | D:4      | Killed from afar by an orc priest

Vault maps used:
D:1:      dpeg_arrival_boxorama, minmay_tromino_v4_c
D:2:      uniq_jessica
D:3:      first_bread, uniq_iyjb
D:4:      enter_ossuary_1
Temple:   nicolae_temple_elliptical

Skill      XL: |  1  2  3  4  5  6 |
---------------+-------------------+-----
Axes           | 3 4 |  4.9
Dodging        | 3 4 |  4.0
Armour         | 1 2 |  2.2
Fighting       | 3 |  3.1
Throwing       | |  1.8

Action                   |  1- 3 |  4- 6 || total
-------------------------+-------+-------++-------
Melee: War axe           |   102 |   189 ||   291
  Use: Scroll            |     3 |     7 ||    10
       Potion            |       |     3 ||     3
  Eat: Chunk             |     1 |     8 ||     9
Armor: Leather armour    |    19 |       ||    19
       Scale mail        |    30 |    90 ||   120
Dodge: Dodged            |    60 |   143 ||   203
